 Dungeon Crawl Stone Soup version 0.28.0-47-ge53b351184 (webtiles) character file.

Game seed: 11558884987123795189

193 101zpm the Gusty (level 5, -2/37 HPs)
             Began as a Gnoll Air Elementalist on Apr 24, 2022.
             Shot with an arrow by a centaur (10 damage)
             ... on level 5 of the Dungeon.
             The game lasted 00:05:29 (4074 turns).

101zpm the Gusty (Gnoll Air Elementalist)           Turns: 4074, Time: 00:05:29

Health: -2/37      AC:  2    Str:  7    XL:     5   Next: 72%
Magic:  12/12      EV: 13    Int: 17    God:
Gold:   109        SH:  0    Dex: 12    Spells: 13/14 levels left

rFire   . . .      SeeInvis .     - Unarmed
rCold   . . .      Faith    .   (no shield)
rNeg    . . .      Spirit   .   a - +0 robe
rPois   .          Reflect  .   (no helmet)
rElec   .          Harm     .   (no cloak)
rCorr   .          Rampage  .   (no gloves)
Will    .....                   (no boots)
Stlth   +++.......              (no amulet)
HPRegen 0.12/turn               (no ring)
MPRegen 0.13/turn               (no ring)

@: no status effects
A: fangs 1, strong nose, distributed training
a: no special abilities


You were on level 5 of the Dungeon.
You visited 1 branch of the dungeon, and saw 6 of its levels.

You collected 109 gold pieces.

Inventory:

Armour
 a - a +0 robe (worn)
Jewellery
 b - a +6 ring of intelligence
 k - a +6 ring of intelligence
Scrolls
 d - a scroll of identify {unknown}
 e - a scroll of noise {unknown}
 h - a scroll of fear {unknown}
 i - a scroll of amnesia {unknown}
 j - 2 scrolls of blinking {unknown}
 l - a scroll of immolation {unknown}
Potions
 c - a potion of heal wounds {unknown}
 f - a potion of resistance {unknown}
 g - a potion of berserk rage {unknown}


   Skills:
 + Level 1.6 Fighting
 + Level 1.6 Short Blades
 + Level 1.6 Long Blades
 + Level 1.6 Axes
 + Level 1.6 Maces & Flails
 + Level 1.6 Polearms
 + Level 1.6 Staves
 + Level 1.6 Slings
 + Level 1.6 Bows
 + Level 1.6 Crossbows
 + Level 1.6 Throwing
 + Level 1.6 Armour
 + Level 4.8 Dodging
 + Level 4.4 Stealth
 + Level 1.6 Shields
 + Level 1.6 Unarmed Combat
 + Level 5.2 Spellcasting
 + Level 2.4 Conjurations
 + Level 1.3 Hexes
 + Level 1.3 Summonings
 + Level 1.3 Necromancy
 + Level 1.3 Translocations
 + Level 1.3 Transmutations
 + Level 1.3 Fire Magic
 + Level 1.3 Ice Magic
 + Level 5.6 Air Magic
 + Level 1.3 Earth Magic
 + Level 1.3 Poison Magic
 + Level 1.8 Invocations
 + Level 1.6 Evocations


You had 13 spell levels left.
You knew the following spells:

 Your Spells              Type           Power      Damage    Failure   Level
a - Shock                 Conj/Air       72%        1d7       2%          1

Your spell library contained the following spells:

 Spells                   Type           Power      Damage    Failure   Level
 Static Discharge         Conj/Air       18%        N/A       4%          2
 Swiftness                Air            23%        N/A       4%          3
 Slow                     Hex            32%        N/A       9%          1
 Ensorcelled Hibernation  Hex/Ice        16%        N/A       12%         2
 Airstrike                Air            11%        N/A       14%         4
 Confusing Touch          Hex            8%         N/A       24%         3
 Spider Form              Tmut/Pois      8%         N/A       24%         3
 Vampiric Draining        Necr           8%         2d6       24%         3
 Lightning Bolt           Conj/Air       9%         1d21      58%         5
 Anguish                  Hex/Necr       4%         N/A       63%         4
 Maxwell's Capacitive Co  Air            11%        ∞         100%        8


Dungeon Overview and Level Annotations

Branches:
Dungeon (6/15)
 Temple: D:4-7

Altars:
Yredelemnul

Shops:
D:2 !


Innate Abilities, Weirdness & Mutations

You have very sharp teeth.
Your uncanny sense of smell can sniff out nearby items.
Your experience applies equally to all skills.


Message History

The zap hits the bullfrog zombie!
The bullfrog zombie is moderately damaged.
The zap hits the bullfrog zombie.
The bullfrog zombie is heavily damaged.
The zap hits the bullfrog zombie.
The bullfrog zombie is heavily damaged.
The zap hits the bullfrog zombie!
The bullfrog zombie is almost destroyed.
The bullfrog zombie barely misses you.
The zap hits the bullfrog zombie.
The bullfrog zombie is almost destroyed.
The zap hits the bullfrog zombie.
You destroy the bullfrog zombie!
You start resting.
Magic restored.
You start waiting.
Done waiting.
You start waiting.
Done waiting.
There is an open door here.
Found a stone staircase leading up.
j - 2 scrolls labelled DEIGOL DEPH (gained 1)
A centaur comes into view.
A centaur is nearby!
There is an open door here.
Found a ring mail.
A centaur comes into view. It is wielding a +0 whip.
The centaur shouts!
You hear a shout! x2
The centaur unwields a +0 whip.
The centaur wields a +0 shortbow.
The centaur shoots an arrow.
The arrow hits you.
The centaur shoots an arrow.
The arrow closely misses you.
The centaur shoots an arrow.
The arrow barely misses you.
The centaur shoots an arrow.
The arrow hits you!
The centaur shoots an arrow.
The arrow barely misses you.
The centaur shoots an arrow.
The arrow hits you!
* * * LOW HITPOINT WARNING * * *
The centaur shoots an arrow.
The arrow closely misses you.
The centaur shoots an arrow.
The arrow barely misses you.
The centaur shoots an arrow.
The arrow hits you!
You die...

### . ..# .# ####.# .# ....# ..
#..## .##############...#####
.#......>.............##
.#.#####.#######@.###..# #
...#.....# #..# ##.# .###
.#...#.#.#######..# #.# ...
<......#.#(....#..# #.###.###.
########.#.# #..####.........
...........# #..c........####
########'#####.#.######c.#######
..............#................
.........##############.#######


You could see a centaur.

Vanquished Creatures
  A water moccasin skeleton (D:5)
  A bullfrog zombie (D:5)
  A hound (D:5)
  An adder (D:2)
  An adder skeleton (D:4)
  A worm (D:2)
  A dart slug (D:3)
  5 orcs (D:3)
  5 bats
  5 endoplasms
  2 giant cockroaches
  5 goblins (D:1)
  4 hobgoblins
  3 jackals (D:3)
  6 kobolds
  2 quokkas
  8 ball pythons
  3 frilled lizards
  3 rats
58 creatures vanquished.

Notes
Turn   | Place    | Note
-------+----------+-------------------------------------------
     0 | D:1      | 101zpm the Gnoll Air Elementalist began the quest for the
                  | Orb.
     0 | D:1      | Reached XP level 1. HP: 13/13 MP: 6/6
   272 | D:1      | Reached XP level 2. HP: 19/19 MP: 3/7
  1294 | D:2      | Reached skill level 5 in Spellcasting
  1294 | D:2      | Reached XP level 3. HP: 25/25 MP: 2/9
  1473 | D:2      | Reached skill level 1 in Invocations
  1500 | D:2      | Found a faded altar of an unknown god.
  1601 | D:2      | Found Joetaud's Distillery.
  1729 | D:2      | Reached skill level 1 in Fighting
  1729 | D:2      | Reached skill level 1 in Short Blades
  1729 | D:2      | Reached skill level 1 in Long Blades
  1729 | D:2      | Reached skill level 1 in Axes
  1729 | D:2      | Reached skill level 1 in Maces & Flails
  1729 | D:2      | Reached skill level 1 in Polearms
  1729 | D:2      | Reached skill level 1 in Staves
  1729 | D:2      | Reached skill level 1 in Slings
  1729 | D:2      | Reached skill level 1 in Bows
  1729 | D:2      | Reached skill level 1 in Crossbows
  1729 | D:2      | Reached skill level 1 in Throwing
  1729 | D:2      | Reached skill level 1 in Armour
  1729 | D:2      | Reached skill level 1 in Shields
  1729 | D:2      | Reached skill level 1 in Unarmed Combat
  1729 | D:2      | Reached skill level 1 in Evocations
  1974 | D:3      | Found a basalt altar of Yredelemnul.
  2027 | D:3      | Reached XP level 4. HP: 29/32 MP: 7/11
  2822 | D:4      | Noticed an ice beast
  2837 | D:5      | Entered Level 5 of the Dungeon
  3578 | D:5      | Reached skill level 1 in Hexes
  3578 | D:5      | Reached skill level 1 in Summonings
  3578 | D:5      | Reached skill level 1 in Necromancy
  3578 | D:5      | Reached skill level 1 in Translocations
  3578 | D:5      | Reached skill level 1 in Transmutations
  3578 | D:5      | Reached skill level 1 in Fire Magic
  3578 | D:5      | Reached skill level 1 in Ice Magic
  3578 | D:5      | Reached skill level 1 in Earth Magic
  3578 | D:5      | Reached skill level 1 in Poison Magic
  3578 | D:5      | Reached XP level 5. HP: 16/37 MP: 0/12
  4021 | D:5      | Noticed a centaur
  4060 | D:5      | Noticed a centaur
  4074 | D:5      | Shot with an arrow by a centaur

Illustrated notes

Levels and vault maps discovered:
D:1:      dpeg_arrival_three_smaller_balls, layout_loops_ring
D:2:      layout_rooms, serial_shops, nicolae_shop_behind_doors,
          shapermc_ecumenical_altar_venn, minmay_nonomino_d4
D:3:      layout_rooms, mainiacjoe_overflow_24_doors
D:4:      layout_gridville, minivault_25, lemuel_flame_loot_1
D:5:      layout_basic, nrook_uturn
D:6:      layout_loops_ring, gammafunk_ghost_hive, uniq_blork_the_orc

Skill      XL: |  1  2  3  4 |
---------------+-------------+-----
Conjurations   | 2 |  2.4
Spellcasting   | 5 |  5.2
Invocations    | 1 |  1.8
Fighting       | 1 |  1.6
Short Blades   | 1 |  1.6
Long Blades    | 1 |  1.6
Axes           | 1 |  1.6
Maces & Flails | 1 |  1.6
Polearms       | 1 |  1.6
Staves         | 1 |  1.6
Slings         | 1 |  1.6
Bows           | 1 |  1.6
Crossbows      | 1 |  1.6
Throwing       | 1 |  1.6
Armour         | 1 |  1.6
Shields        | 1 |  1.6
Unarmed Combat | 1 |  1.6
Evocations     | 1 |  1.6
Hexes          | 1 |  1.3
Summonings     | 1 |  1.3
Necromancy     | 1 |  1.3
Translocations | 1 |  1.3
Transmutations | 1 |  1.3
Fire Magic     | 1 |  1.3
Ice Magic      | 1 |  1.3
Earth Magic    | 1 |  1.3
Poison Magic   | 1 |  1.3
Dodging        | |  4.8
Stealth        | |  4.4
Air Magic      | |  5.6

Action                   |  1- 3 |  4- 6 || total
-------------------------+-------+-------++-------
Melee: Unarmed           |     1 |     5 ||     6
       Bite              |     1 |       ||     1
 Cast: Shock             |    82 |    60 ||   142
Armor: Robe              |     1 |     6 ||     7
Dodge: Dodged            |     7 |    21 ||    28
